 Dungeon Crawl Stone Soup version 0.24.1-14-gf8d2b509d9 (webtiles) character file.

Game seed: 17469523647085933554, levelgen mode: deterministic

2238007 Maplein the Imperceptible (level 27, 200/200 HPs)
             Began as a Vampire Assassin on Apr 4, 2020.
             Was the Champion of Ashenzari.
             Escaped with the Orb
             ... and 4 runes on Apr 14, 2021!
             The game lasted 08:33:28 (79019 turns).

Maplein the Imperceptible (Vampire Assassin)       Turns: 79019, Time: 08:33:28

Health: 200/200    AC: 18    Str:  8    XL:     27
Magic:  44/44      EV: 33    Int: 23    God:    Ashenzari [******]
Gold:   4897       SH: 35    Dex: 26    Spells: 9/60 levels left

rFire    + + .     SeeInvis +   x - +9 quick blade (drain) (curse)
rCold    + + .     Gourm    .   p - +5 large shield {AC+3} (curse)
rNeg     + + .     Faith    .   M - +5 robe of Night {Dark MR+ SInv} (curse)
rPois    +         Spirit   +   g - +2 hat of the Bear Spirit {Spirit, +Rage rN+ MR++, upgrade} (curse)
rElec    +         Reflect  +   D - scarf {rC+ rF+} (curse)
rCorr    .         Harm     .   Z - +2 pair of gloves {Dex+3} (curse)
MR       +++++     Clarity  +   j - +0 pair of boots of the First Orbs {rF+ Dex+4} (curse)
Stlth    ++++......             H - +6 amulet of reflection (curse)
HPRegen  0.63/turn              Y - ring of Henotheism {rElec rC+ rN+, upgrade} (curse)
MPRegen  0.29/turn              F - ring of Yzxeu {Wiz +Blink rPois MR+ Stlth+}

@: very slightly contaminated, regenerating quickly, invisible, deflect missiles
A: no food, fangs 3, see invisible, frail 1, weak 1, unbreathing
0: Orb of Zot
}: 4/15 runes: serpentine, barnacled, slimy, silver
a: Exsanguinate, Curse Item, Scrying, Transfer Knowledge, Renounce Religion,
Evoke Blink, Evoke Berserk Rage


You escaped.
You worshipped Ashenzari.
Ashenzari was exalted by your worship.
You were alive.

You visited 11 branches of the dungeon, and saw 57 of its levels.
You visited 1 bazaar.
You also visited: Bailey and Volcano.

You collected 9438 gold pieces.
You spent 4541 gold pieces at shops.

Inventory:

Hand Weapons
 x - a cursed +9 quick blade of draining (weapon)
Missiles
 c - 6 curare-tipped darts
 d - 22 boomerangs of dispersal
 v - 7 throwing nets
 Q - 87 boomerangs (quivered)
Armour
 g - the cursed +2 hat of the Bear Spirit (worn) {Spirit, +Rage rN+ MR++, upgrade}
   (You found it on level 4 of the Depths)

   It protects you from negative energy.
   It affects your resistance to hostile enchantments.
   It lets you go berserk.
   It has a curse placed upon it.
 j - the cursed +0 pair of boots of the First Orbs (worn) {rF+ Dex+4}
   (You found it on level 2 of the Crypt)

   It affects your dexterity (+4).
   It protects you from fire.
   It has a curse placed upon it.
 p - a cursed +5 large shield of protection (worn)
 D - a cursed scarf of resistance (worn)
 M - the cursed +5 robe of Night (worn) {Dark MR+ SInv}
   (You bought it in a shop on level 2 of the Orcish Mines)

   It affects your resistance to hostile enchantments.
   It lets you see invisible.
   It has a curse placed upon it.
 Z - a cursed +2 pair of gloves of dexterity (worn)
Jewellery
 F - the ring of Yzxeu (right hand) {Wiz +Blink rPois MR+ Stlth+}
   (You took it off an ironbrand convoker on level 5 of the Vaults)

   [ring of wizardry]

   It improves your spell success rate.
   It protects you from poison.
   It affects your resistance to hostile enchantments.
   It lets you blink.
   It makes you more stealthy.
 G - the ring "Joung" {rCorr Str+5}
   (You found it on level 3 of the Elven Halls)

   [ring of resist corrosion]

   It affects your strength (+5).
   It provides partial protection from all sources of acid and corrosion.
 H - a cursed +6 amulet of reflection (around neck)
 Y - the cursed ring of Henotheism (left hand) {rElec rC+ rN+, upgrade}
   (You acquired it on level 12 of the Dungeon)

   [ring of protection from cold]

   It protects you from cold.
   It insulates you from electricity.
   It protects you from negative energy.
   It has a curse placed upon it.
Wands
 a - a wand of clouds (17)
 e - a wand of disintegration (7)
 n - a wand of enslavement (19)
 z - a wand of acid (19)
 I - a wand of scattershot (6)
 K - a wand of iceblast (37)
 P - a wand of paralysis (65)
 U - a wand of digging (13)
Scrolls
 f - 14 scrolls of remove curse {@r2}
 i - 4 scrolls of silence
 k - 5 scrolls of fog
 l - 7 scrolls of fear
 q - 15 scrolls of teleportation
 y - 10 scrolls of magic mapping
 C - 11 scrolls of immolation
 R - 7 scrolls of vulnerability
 V - 3 scrolls of summoning
 X - 9 scrolls of blinking
Potions
 b - 5 potions of agility
 h - 3 potions of magic
 m - 4 potions of invisibility
 o - 3 potions of cancellation
 r - 3 potions of resistance
 s - 21 potions of curing {@q1}
 u - 2 potions of berserk rage
 A - 9 potions of flight
 E - 3 potions of might
 J - 5 potions of haste
 N - 4 potions of ambrosia
 O - 9 potions of brilliance
 T - 12 potions of lignification
 W - 3 potions of heal wounds
Miscellaneous
 t - a phial of floods
 w - a lamp of fire
 B - 5 sacks of spiders
 L - 3 boxes of beasts


   Skills:
 + Level 19.7 Fighting
 - Level 9.7(14.0) Short Blades
 - Level 10.8 Throwing
 - Level 12.0 Armour
 - Level 16.1(20.0) Dodging
 - Level 23.8(27) Stealth
 - Level 22.9(25.0) Shields
 + Level 17.4 Spellcasting
 - Level 21.2(23.4) Hexes
 - Level 17.1(19.5) Charms
 - Level 1.3(3.2) Summonings
 - Level 12.3(15.0) Necromancy
 - Level 1.3(3.2) Translocations
 - Level 9.7(12.5) Air Magic
 - Level 1.8(4.0) Earth Magic
 - Level 13.3(16.0) Evocations


You had 9 spell levels left.
You knew the following spells:

 Your Spells              Type           Power        Failure   Level  Hunger
a - Borgnjor's Vile Clut  Necr/Erth      ######....   1%          5    N/A
b - Summon Lightning Spi  Summ/Air       ######..     1%          4    N/A
c - Confuse               Hex            #######.     0%          3    N/A
d - Tukima's Dance        Hex            #######.     0%          3    N/A
e - Death Channel         Necr           ######....   1%          6    N/A
f - Regeneration          Chrm/Necr      #######...   0%          3    N/A
g - Spectral Weapon       Hex/Chrm       #######.     0%          3    N/A
h - Summon Butterflies    Summ           #####...     1%          1    N/A
i - Discord               Hex            #######...   1%          8    N/A
j - Passwall              Tmut/Erth      ####....     1%          2    N/A
B - Blink                 Tloc           N/A          1%          2    N/A
M - Deflect Missiles      Chrm/Air       #######...   1%          6    N/A
V - Summon Mana Viper     Hex/Summ       ######..     1%          5    N/A

Your spell library contained the following spells:

 Spells                   Type           Power        Failure   Level  Hunger
 Corona                   Hex            #######      0%          1    N/A
 Infusion                 Chrm           ####         0%          1    N/A
 Corpse Rot               Necr           N/A          0%          2    N/A
 Slow                     Hex            #######.     0%          2    N/A
 Song of Slaying          Chrm           #######.     0%          2    N/A
 Sublimation of Blood     Necr           ######....   0%          2    N/A
 Swiftness                Chrm/Air       #######.     0%          2    N/A
 Cause Fear               Hex            #######...   0%          4    N/A
 Flame Tongue             Conj/Fire      ###..        1%          1    N/A
 Freeze                   Ice            ###.         1%          1    N/A
 Magic Dart               Conj           ###.         1%          1    N/A
 Sandblast                Erth           #####.       1%          1    N/A
 Shock                    Conj/Air       ####         1%          1    N/A
 Sting                    Conj/Pois      ###.         1%          1    N/A
 Summon Small Mammal      Summ           ####         1%          1    N/A
 Call Imp                 Summ           #####...     1%          2    N/A
 Ensorcelled Hibernation  Hex/Ice        ######       1%          2    N/A
 Searing Ray              Conj           ###...       1%          2    N/A
 Shroud of Golubria       Chrm/Tloc      ######       1%          2    N/A
 Call Canine Familiar     Summ           #####...     1%          3    N/A
 Dazzling Spray           Conj/Hex       ######       1%          3    N/A
 Gell's Gravitas          Tloc           #####.....   1%          3    N/A
 Inner Flame              Hex/Fire       ######..     1%          3    N/A
 Lesser Beckoning         Tloc           #####.....   1%          3    N/A
 Portal Projectile        Hex/Tloc       ######       1%          3    N/A
 Recall                   Summ/Tloc      N/A          1%          3    N/A
 Static Discharge         Conj/Air       #####...     1%          3    N/A
 Stone Arrow              Conj/Erth      ####..       1%          3    N/A
 Summon Guardian Golem    Hex/Summ       ######..     1%          3    N/A
 Teleport Other           Tloc           #####...     1%          3    N/A
 Airstrike                Air            ######....   1%          4    N/A
 Animate Dead             Necr           N/A          1%          4    N/A
 Fulminant Prism          Conj/Hex       ######....   1%          4    N/A
 Leda's Liquefaction      Hex/Erth       ######....   1%          4    N/A
 Bolt of Draining         Conj/Necr      ######....   1%          5    N/A
 Iskenderun's Battlesphe  Conj/Chrm      ######..     1%          5    N/A
 Lightning Bolt           Conj/Air       #####.....   1%          5    N/A
 Metabolic Englaciation   Hex/Ice        ######....   1%          5    N/A
 Silence                  Hex/Air        #######...   1%          5    N/A
 Yara's Violent Unravell  Hex/Tmut       ######....   1%          5    N/A
 Darkness                 Hex            #######...   1%          6    N/A
 Conjure Flame            Conj/Fire      ###.....     2%          3    N/A
 Ignite Poison            Fire/Tmut/Pois ###.....     2%          3    N/A
 Force Lance              Conj/Tloc      ####....     4%          4    N/A
 Petrify                  Tmut/Erth      ####....     4%          4    N/A
 Summon Ice Beast         Ice/Summ       ####....     4%          4    N/A
 Lee's Rapid Deconstruct  Erth           #####.....   6%          5    N/A
 Simulacrum               Ice/Necr       ######....   7%          6    N/A
 Summon Demon             Summ           #####.....   8%          5    N/A
 Summon Forest            Summ/Tloc      #####.....   8%          5    N/A
 Ice Form                 Ice/Tmut       ###.....     9%          4    N/A
 Iskenderun's Mystic Bla  Conj           ###.....     9%          4    N/A
 Conjure Ball Lightning   Conj/Air       #####.....   12%         6    N/A
 Bolt of Magma            Conj/Fire/Erth ####......   16%         5    N/A
 Ring of Flames           Chrm/Fire      ######....   16%         7    N/A
 Alistair's Intoxication  Tmut/Pois      ###.....     24%         5    N/A
 Fireball                 Conj/Fire      ###.......   24%         5    N/A
 Irradiate                Conj/Tmut      ###.......   24%         5    N/A
 Venom Bolt               Conj/Pois      ###.......   24%         5    N/A
 Freezing Cloud           Conj/Ice/Air   #####.....   26%         6    N/A
 Iron Shot                Conj/Erth      ####......   52%         6    N/A
 Statue Form              Tmut/Erth      ####.....    52%         6    N/A
 Bolt of Cold             Conj/Ice       ###.......   77%         6    N/A
 Bolt of Fire             Conj/Fire      ###.......   77%         6    N/A
 Hydra Form               Tmut           ###.......   77%         6    N/A
 Ozocubu's Refrigeration  Ice            ###.......   77%         6    N/A
 Poison Arrow             Conj/Pois      ###.......   77%         6    N/A
 Summon Hydra             Summ           #####.....   90%         7    N/A
 Spellforged Servitor     Conj/Summ      ####......   98%         7    N/A
 Dragon Form              Tmut           ###.......   99%         7    N/A
 Orb of Destruction       Conj           ###.......   99%         7    N/A
 Chain Lightning          Conj/Air       #####.....   99%         8    N/A
 Tornado                  Air            ######....   99%         9    N/A
 Disjunction              Tloc           #####.....   100%        8    N/A
 Ignition                 Fire           ###.......   100%        8    N/A
 Lehudib's Crystal Spear  Conj/Erth      ####......   100%        8    N/A
 Dragon's Call            Summ           #####.....   100%        9    N/A
 Fire Storm               Conj/Fire      ###.......   100%        9    N/A
 Glaciate                 Conj/Ice       ###.......   100%        9    N/A
 Passage of Golubria      Tloc           Unusable     N/A         4    N/A

Dungeon Overview and Level Annotations

Branches:
Dungeon (15/15)            Temple (0/1) D:7            Lair (6/6) D:10
 Shoals (4/4) Lair:3        Snake (4/4) Lair:3        Slime (5/5) Lair:5
    Orc (2/2) D:12            Elf (3/3) Orc:2        Vaults (5/5) D:14
  Crypt (3/3) Vaults:3       Tomb (0/3) Crypt:3      Depths (5/5) D:15
    Zot (5/5) Depths:5     Bailey (visited)         Volcano (visited)

Altars:
Ashenzari
Cheibriados
Elyvilon
Fedhas
Hepliaklqana
Qazlal
Ru
Trog
Vehumet
Wu Jian
Xom
Yredelemnul
Zin
The Shining One
Jiyva

Shops:
D:6 }   D:8 =   D:10 (   Orc:2 *[=(   Elf:1 [   Elf:3 =   Shoals:1 (?
Shoals:2 [   Snake:1 }=   Snake:2 :*}[=   Snake:4 *   Vaults:1 !   Vaults:3 %

Portals:
Hell: Depths:1 Depths:2 Depths:3 Depths:4 Depths:5
Abyss: Depths:2 Depths:4
Pandemonium: Depths:3
Ziggurat: Depths:2

Annotations:
Shoals:2 vault, takes flight... 4 items lol
Depths:4 bear spirit hat


Innate Abilities, Weirdness & Mutations

You do not eat.
Your natural rate of healing is unusually fast.
You have razor-sharp teeth.
You have supernaturally acute eyesight. (SInv)
You can survive without breathing.
You are frail. (-10% HP)
You are weak. (Str -2)


Message History

You block the lorocyproca's attack.
An infernal demonspawn comes into view. It is wielding a +0 demon whip of pain.
You fade into invisibility!
A soul eater comes into view.
You block the infernal demonspawn's attack.
You are very lightly contaminated with residual magic.
You catch the helpless infernal demonspawn completely off-guard!
You perforate the infernal demonspawn like a sieve!!!!
You kill the infernal demonspawn!
The soul eater draws from the surrounding life force!
Things that are here:
a +0 demon whip of pain; a +0 leather armour
There is an open door here.
There is a staircase leading out of the dungeon here.
Enter note: robe win HP restored.
The monstrous black sun barely misses you.
The monstrous black sun claws you but does no damage.
The monstrous black sun completely misses you.
You have escaped!

.#.#.# #.............#.#####...
.#...# #.#####.#####.#....#..##
.##..# #..#3......#..####......
.##..# #.#.###)###.#.# #...###
.#..## #.##.......##.# #...# #
.#..# #.#.###3###.#.# #...# #
.#..#### #.#.#..2..#.#.# #...###
.#.....###.#.#..6..#.#.####......
##..##.'.'.#.+..@..+.#.+.'....###
#...######.#.#.....#.#.###....##.
).#.# #.#.#.....#.#.#..#...##.
.##.## ###.#.###+###.#.#..#...#..
.##..# #.#.##.......##.#..#####..
.###.###.#.#.#######.#.#..####...
....)....#..#.......#..###......#
.###...)##.###########.#...###.##
.# ####..#.............#######.#


You could see a lorocyproca (invisible), a monstrous black sun and a soul eater.

Vanquished Creatures
  the Royal Jelly (Slime:5)
  Mara (Depths:2)
  6 orbs of fire
  9 ancient liches
  Sojobo (Depths:2)
  3 Killer Klowns (Zot:5)
  Xtahua (Vaults:4)
  Vashnia (Snake:4)
  2 curse toes
  5 caustic shrikes
  Saint Roka (Crypt:2)
  5 golden dragons
  Jory (Vaults:2)
  A bone dragon (Crypt:3)
  3 electric golems
  An Ice Fiend (D:8)
  Rupert (D:14)
  19 tentacled monstrosities
  2 Tzitzimimeh (Depths:2)
  2 titans (Vaults:5)
  3 deep elf blademasters (Elf:3)
  25 Orb Guardians (Zot:5)
  7 quicksilver dragons
  8 liches
  Asterion (Snake:2)
  4 deep elf master archers (Elf:3)
  8 sphinxes
  2 ancient champions
  5 death cobs
  29 acid blobs
  An Executioner (D:3)
  12 shadow dragons
  A kraken (Shoals:2)
  Kirke (Snake:1)
  5 azure jellies
  10 tengu reavers
  3 revenants
  17 storm dragons
  10 fire giants
  3 draconian monks
  20 nagarajas
  2 orc warlords
  12 frost giants
  A draconian knight (Zot:5)
  18 vault wardens
  3 iron dragons
  2 curse skulls
  4 deep elf sorcerers
  17 ironheart preservers
  4 ghouls (Crypt:1)
  2 draconian shifters (Depths:5)
  3 deep elf elementalists
  4 draconian stormcallers
  8 war gargoyles
  4 draconian annihilators
  5 entropy weavers
  2 spriggan defenders
  22 stone giants
  10 very ugly things
  4 deep elf demonologists
  3 green draconians
  10 red draconians
  Azrael (D:13)
  8 deep elf annihilators
  A dire elephant (D:15)
  6 black draconians
  7 white draconians
  3 yellow draconians
  5 vampire knights
  7 purple draconians
  8 spark wasps (Depths:4)
  15 ettins
  23 yaktaur captains
  3 eidola
  9 fire dragons
  3 crystal guardians (Crypt:3)
  4 merfolk javelineers
  7 death oozes (Slime:5)
  9 deep elf death magi
  5 ice dragons
  8 jiangshi
  2 deep elf high priests
  5 merfolk impalers
  23 naga warriors
  16 great orbs of eyes
  4 hydras
  38 vault guards
  A monstrous demonspawn (Depths:3)
  A hell beast (Depths:3)
  A hydra (shapeshifter) (Elf:3)
  6 spriggan air magi
  7 rakshasas
  10 anacondas
  A catoblepas (D:14)
  11 centaur warriors
  A merfolk avatar (Shoals:3)
  Erica (D:11)
  2 death knights
  31 dancing weapons
  12 deep troll shamans
  A queen ant (Lair:5)
  8 ogre magi
  27 two-headed ogres
  An alligator snapping turtle (Shoals:4)
  2 satyrs (Shoals:2)
  3 merfolk aquamancers (Shoals:4)
  15 spriggan berserkers
  A titan zombie (Crypt:3)
  14 deep troll earth magi
  8 tengu warriors
  22 naga sharpshooters
  2 vampire magi
  5 orc high priests (Orc:2)
  5 shock serpents
  Urug (D:13)
  29 deep elf knights
  An iron troll (Depths:3)
  15 skeletal warriors
  2 shadow wraiths
  A golden dragon zombie (Crypt:1)
  27 deep trolls
  19 hell knights
  22 sea snakes
  5 glowing orange brains
  8 large abominations (Depths:4)
  2 salamander mystics
  An infernal demonspawn (D:1)
  A kraken simulacrum (Shoals:4)
  A torturous demonspawn (Depths:2)
  10 deep elf archers
  7 unseen horrors
  4 wizards
  A swamp dragon (Lair:6)
  6 flayed ghosts
  20 ironbrand convokers
  8 naga ritualists
  9 phantasmal warriors
  22 orc knights
  2 lindwurms (Lair:6)
  A shadow dragon zombie (Crypt:3)
  An iron dragon zombie (Crypt:3)
  15 harpies
  9 necromancers
  20 ugly things
  A harpy (shapeshifter) (Depths:4)
  10 mana vipers
  2 orb spiders (shapeshifter)
  A stone giant zombie (Crypt:3)
  A manticore (shapeshifter) (Depths:5)
  A frost giant zombie (Crypt:3)
  A wolf spider (shapeshifter) (Vaults:5)
  A fire giant zombie (Crypt:3)
  2 cyclopes (D:12)
  10 fauns
  63 deep elf magi
  9 elephants
  17 manticores
  2 wolf spiders
  6 orc sorcerers
  4 shining eyes
  14 salamanders
  4 centaur zombies
  A fire giant skeleton (Crypt:1)
  7 water nymphs
  16 moths of wrath
  4 eyes of devastation
  8 guardian serpents
  17 vault sentinels
  A black mamba (shapeshifter) (Elf:3)
  8 merfolk sirens
  A gargoyle (D:12)
  19 naga magi
  A water nymph (shapeshifter) (Vaults:5)
  A frost giant skeleton (Crypt:3)
  36 black mambas
  2 orange demons
  5 torpor snails (Lair:6)
  A white draconian zombie (Crypt:3)
  A titan simulacrum (Crypt:1)
  6 spiny frogs
  50 yaktaurs
  A kobold demonologist (D:13)
  8 rime drakes
  A yaktaur (shapeshifter) (Vaults:1)
  An ice devil (Depths:3)
  6 komodo dragons
  5 freezing wraiths
  A human skeleton (Vaults:5)
  A green draconian skeleton (Crypt:1)
  29 merfolk
  A troll (shapeshifter) (Vaults:4)
  15 trolls
  An iron troll skeleton (Crypt:2)
  20 hornets
  2 jumping spiders
  A merfolk (shapeshifter) (Depths:1)
  4 tengu conjurers
  A meliai (shapeshifter) (D:14)
  7 wind drakes
  A hornet (shapeshifter) (Vaults:1)
  3 tyrant leeches (Lair:6)
  9 snapping turtles
  A blink frog (shapeshifter) (Vaults:1)
  5 blink frogs
  10 hippogriffs
  An ettin zombie (Crypt:3)
  A hydra skeleton (Crypt:1)
  128 slime creatures
  An ice dragon zombie (Crypt:3)
  A fire dragon zombie (Crypt:3)
  2 human simulacra
  40 flying skulls
  7 wraiths
  An ice dragon skeleton (Crypt:3)
  A shadow (Crypt:2)
  A redback (shapeshifter) (Elf:1)
  7 redbacks
  A yak (shapeshifter) (Depths:3)
  9 spriggans
  24 water elementals
  3 air elementals
  6 wyverns
  3 fire bats (Lair:1)
  3 hungry ghosts
  36 yaks
  A golden eye (shapeshifter) (Vaults:5)
  3 small abominations (Depths:4)
  4 basilisks
  5 fire elementals
  2 vampire mosquitoes (D:12)
  15 golden eyes
  A chaos spawn (Depths:3)
  A basilisk (shapeshifter) (Vaults:3)
  11 steam dragons (Lair:2)
  74 nagas
  Edmund (D:3)
  8 wargs
  7 soldier ants
  6 acid dragons
  A naga (shapeshifter) (Vaults:4)
  6 water moccasins
  3 hell hounds (D:13)
  3 ice beasts
  A floating eye (shapeshifter) (Vaults:3)
  A spiny frog zombie (Crypt:3)
  4 swamp drakes (Lair:6)
  A floating eye (Depths:5)
  8 porcupines
  A swamp drake (shapeshifter) (Depths:1)
  3 phantoms
  4 necrophages
  58 orc warriors
  3 sky beasts
  A spiny frog skeleton (Crypt:3)
  A hornet zombie (D:14)
  A black bear (D:10)
  4 eyes of draining
  38 ogres
  A swamp dragon zombie (Crypt:1)
  A wolf (shapeshifter) (Depths:2)
  6 wolves
  A lindwurm zombie (Crypt:2)
  A boggart (shapeshifter) (Vaults:5)
  2 manticore skeletons (Crypt:2)
  A snapping turtle zombie (Crypt:2)
  7 boggarts
  40 centaurs
  6 crocodiles
  A big kobold (D:7)
  A torpor snail zombie (Crypt:2)
  A wyvern zombie (D:7)
  9 bullfrogs
  2 draconian skeletons (Crypt:1)
  3 scorpions
  5 killer bees (D:9)
  8 wights
  A spriggan skeleton (Crypt:1)
  6 crimson imps
  A bullfrog zombie (D:10)
  11 hounds
  20 orc priests
  3 jellies
  4 bullfrog skeletons
  3 centaur skeletons
  23 orc wizards
  6 iguanas
  Ijyb (D:3)
  17 worker ants
  A porcupine skeleton (Crypt:1)
  A killer bee zombie (Crypt:2)
  A naga zombie (Crypt:1)
  3 hound skeletons
  2 worker ant zombies
  10 gnolls
  10 adders
  4 shadow imps
  2 adder zombies (D:5)
  3 adder skeletons
  A lava snake skeleton (Crypt:1)
  2 worms (D:2)
  2 dart slugs (D:1)
  4 leopard geckos
  138 orcs
  A giant cockroach (D:4)
  7 goblins
  14 hobgoblins
  22 kobolds
  2 quokkas (D:3)
  A ball python (D:3)
  A ball python skeleton (Crypt:1)
  7 bats
  3 frilled lizards
  A quokka skeleton (D:5)
  5 rats
  5 plants
  3 tentacles
2543 creatures vanquished.

Vanquished Creatures (collateral kills)
  A Brimstone Fiend (Zot:1)
  2 tentacled monstrosities (Zot:1)
  A quicksilver dragon (Zot:1)
  An acid blob (Slime:2)
  2 death cobs (Zot:1)
  A shadow dragon (Zot:2)
  A draconian monk (Zot:1)
  A nagaraja (Snake:4)
  A frost giant (Vaults:4)
  2 draconian scorchers
  A draconian knight (Zot:1)
  A draconian shifter (Zot:3)
  4 very ugly things (Depths:3)
  A black draconian (Zot:2)
  4 green draconians
  2 white draconians (Zot:2)
  3 yellow draconians (Zot:2)
  4 purple draconians
  A merfolk javelineer (Shoals:3)
  An ettin (Depths:3)
  A merfolk impaler (Shoals:4)
  A fire dragon (Depths:3)
  2 vault guards
  3 naga warriors (Snake:4)
  A merfolk avatar (Shoals:3)
  A two-headed ogre (Vaults:5)
  2 dancing weapons (Elf:2)
  A deep troll earth mage (Depths:2)
  2 ogre magi
  A hell knight (Depths:2)
  A tengu warrior (Depths:2)
  A skeletal warrior (Crypt:3)
  3 naga sharpshooters (Snake:4)
  A shadow wraith (Crypt:2)
  An iron troll (Depths:2)
  A salamander mystic (Snake:2)
  A deep troll (Depths:3)
  2 deep elf archers
  2 naga ritualists
  2 orc knights (Vaults:5)
  A necromancer (Vaults:5)
  A salamander (Snake:4)
  5 shining eyes
  5 deep elf magi
  2 ugly things (Depths:3)
  A manticore (Shoals:1)
  A human skeleton (Vaults:5)
  2 moths of wrath
  A merfolk siren (Shoals:2)
  A guardian serpent (Snake:4)
  2 naga magi
  A yaktaur zombie (Vaults:5)
  A tengu conjurer (Depths:1)
  8 merfolk
  A troll (shapeshifter) (Vaults:5)
  A wind drake (Shoals:4)
  A dream sheep (shapeshifter) (Elf:2)
  A snapping turtle (Shoals:1)
  2 blink frogs (Lair:1)
  2 yaks (D:10)
  A fire elemental (Elf:2)
  A vampire mosquito (D:12)
  7 nagas
  An ice beast (D:12)
  2 ogres
  A crocodile (D:10)
  An orc (Vaults:3)
119 creatures vanquished.

Vanquished Creatures (others)
  Margery (Crypt:3)
  2 deep elf master archers (Elf:3)
  A draconian knight (Zot:2)
  A stone giant (Depths:3)
  A vampire knight (Depths:1)
  A deep elf annihilator (Elf:3)
  A yaktaur captain (Vaults:5)
  2 deep elf knights
  2 deep elf archers (Elf:1)
  An ironbrand convoker (Vaults:3)
  A faun (Shoals:2)
  2 rime drakes (Lair:2)
  11 yaktaurs
  A tengu conjurer (Depths:4)
  A merfolk (Shoals:3)
  10 dancing weapons
  3 nagas
  A steam dragon (Lair:2)
  An orc warrior (Crypt:2)
  An ogre (Vaults:5)
  A centaur (Shoals:3)
  2 orc priests
  4 orcs
  A fire vortex (Lair:6)
  9 fungi
  22 plants
  25 spectral weapons
  10 tentacles
119 creatures vanquished.

Grand Total: 2781 creatures vanquished

Notes
Turn   | Place    | Note
-------+----------+-------------------------------------------
     0 | D:1      | Maplein the Vampire Assassin began the quest for the Orb.
     0 | D:1      | Reached XP level 1. HP: 16/16 MP: 1/1
   183 | D:1      | Reached skill level 6 in Stealth
   303 | D:1      | Reached XP level 2. HP: 22/22 MP: 2/2
   636 | D:2      | Reached XP level 3. HP: 27/27 MP: 3/3
  1303 | D:3      | Reached skill level 7 in Stealth
  1326 | D:3      | Noticed Ijyb
  1329 | D:3      | Killed Ijyb
  1329 | D:3      | Reached XP level 4. HP: 33/33 MP: 4/4
  1502 | D:3      | Found a bloodstained altar of Trog.
  1502 | D:3      | Found a shattered altar of Ashenzari.
  1503 | D:3      | Found an ornate altar of the Wu Jian Council.
  1503 | D:3      | Found a white marble altar of Elyvilon.
  1510 | D:3      | Became a worshipper of Ashenzari the Shackled
  2290 | D:4      | Noticed Edmund
  2305 | D:4      | Reached skill level 8 in Stealth
  2305 | D:4      | Reached XP level 5. HP: 33/38 MP: 5/5
  2351 | D:3      | Killed Edmund
  2413 | D:4      | Reached XP level 6. HP: 41/46 MP: 6/6
  2429 | D:4      | Found a stormy altar of Qazlal.
  2431 | D:4      | Found a blossoming altar of Fedhas.
  2575 | D:4      | Reached skill level 5 in Short Blades
  2709 | D:4      | Reached skill level 9 in Stealth
  2839 | D:4      | Found a hazy altar of Hepliaklqana.
  3010 | D:4      | Reached XP level 7. HP: 52/52 MP: 7/7
  3093 | D:5      | Entered Level 5 of the Dungeon
  3471 | D:5      | Reached skill level 10 in Stealth
  3872 | D:5      | Reached XP level 8. HP: 61/61 MP: 8/8
  3933 | D:5      | Found a radiant altar of Vehumet.
  3998 | D:4      | Reached skill level 5 in Fighting
  4100 | D:5      | Reached skill level 11 in Stealth
  4715 | D:6      | Reached * piety under Ashenzari
  5397 | D:6      | Reached skill level 12 in Stealth
  6214 | D:6      | Found Buwnuc's Gadget Emporium.
  6222 | D:6      | Bought a lamp of fire for 440 gold pieces
  6263 | D:6      | Learned a level 2 spell: Slow
  6699 | D:7      | Reached skill level 1 in Hexes
  6715 | D:7      | Found a staircase to the Ecumenical Temple.
  6749 | D:7      | Reached XP level 9. HP: 71/71 MP: 9/9
  6855 | D:7      | Reached skill level 13 in Stealth
  7260 | D:7      | Found a glowing silver altar of Zin.
  7778 | D:7      | Reached ** piety under Ashenzari
  7784 | D:7      | Learned a level 4 spell: Cause Fear
  7868 | D:7      | Reached skill level 14 in Stealth
  8201 | D:7      | Reached skill level 1 in Evocations
  8253 | D:8      | Found a snail-covered altar of Cheibriados.
  8396 | D:8      | Reached skill level 15 in Stealth
  8976 | D:8      | Found Rasauxaf's Jewellery Emporium.
  8990 | D:8      | Reached skill level 16 in Stealth
  9491 | D:9      | Reached XP level 10. HP: 37/79 MP: 10/10
  9616 | D:9      | Noticed a two-headed ogre
  9641 | D:9      | Killed a two-headed ogre
  9641 | D:9      | Reached skill level 5 in Hexes
  9721 | D:9      | Found a glowing golden altar of the Shining One.
  9885 | D:9      | Identified 2 scrolls of acquirement
  9979 | D:9      | Reached skill level 1 in Spellcasting
  9990 | D:9      | Noticed a green ugly thing
 10015 | D:9      | Killed a green ugly thing
 10015 | D:9      | Reached skill level 17 in Stealth
 10215 | D:9      | Found a basalt altar of Yredelemnul.
 10227 | D:9      | Noticed a profane servitor
 10314 | D:9      | Got the cursed pair of boots of Greed {rC- Regen+ Str+6}
 10322 | D:9      | Identified the cursed +1 pair of boots of Greed {rC- Regen+
                  | Str+6} (You acquired it on level 9 of the Dungeon)
 10368 | D:9      | Found a sacrificial altar of Ru.
 10456 | D:9      | Noticed an angel
 10472 | D:10     | Entered Level 10 of the Dungeon
 10599 | D:10     | Found Viraol's Antique Weapon Emporium.
 10815 | D:10     | Reached skill level 18 in Stealth
 10834 | D:10     | HP: 3/64 [centaur (3)]
 11068 | D:10     | Reached *** piety under Ashenzari
 11218 | D:10     | Reached XP level 11. HP: 70/86 MP: 12/12
 11276 | D:10     | Found a staircase to the Lair.
 11286 | D:10     | Learned a level 3 spell: Confuse
 11290 | D:10     | Learned a level 3 spell: Tukima's Dance
 11770 | Lair:1   | Entered Level 1 of the Lair of Beasts
 11896 | Lair:1   | Found a dark tunnel.
 11942 | Volcano  | Entered a volcano
 11958 | Volcano  | Noticed a salamander mystic
 12039 | Volcano  | Killed a salamander mystic
 12075 | Volcano  | Reached skill level 19 in Stealth
 12289 | Volcano  | Noticed a hell knight
 12296 | Volcano  | Killed a hell knight
 12962 | Lair:2   | Reached skill level 10 in Hexes
 12987 | Lair:2   | Reached skill level 20 in Stealth
 13034 | Lair:2   | Reached XP level 12. HP: 53/95 MP: 13/13
 13401 | Lair:2   | Reached **** piety under Ashenzari
 13944 | Lair:3   | Found a staircase to the Shoals.
 14089 | Lair:3   | Reached skill level 21 in Stealth
 14187 | Lair:3   | Found a staircase to the Snake Pit.
 14235 | Lair:3   | Noticed an eight-headed hydra
 14264 | Lair:3   | Killed an eight-headed hydra
 14443 | Lair:3   | Reached skill level 1 in Armour
 15035 | Lair:4   | Reached ***** piety under Ashenzari
 15906 | Lair:5   | Found a staircase to the Slime Pits.
 15906 | Lair:5   | Found a viscous altar of Jiyva.
 15935 | Lair:5   | Noticed an entropy weaver
 15936 | Lair:5   | Noticed a queen ant
 15936 | Lair:5   | Noticed an entropy weaver
 15938 | Lair:5   | Killed an entropy weaver
 15940 | Lair:5   | Killed an entropy weaver
 15940 | Lair:5   | Reached skill level 22 in Stealth
 15941 | Lair:5   | Killed a queen ant
 16145 | Lair:5   | Learned a level 6 spell: Deflect Missiles
 16251 | Lair:5   | Reached XP level 13. HP: 101/101 MP: 18/18
 16255 | Lair:5   | Reached skill level 1 in Charms
 16255 | Lair:5   | Reached skill level 1 in Air Magic
 16702 | Lair:6   | Entered Level 6 of the Lair of Beasts
 17212 | Lair:6   | Noticed a fire dragon
 17302 | Lair:6   | Killed a fire dragon
 17489 | Lair:6   | Reached skill level 1 in Shields
 17649 | Lair:6   | Reached skill level 23 in Stealth
 17856 | Lair:6   | Found a runed translucent door.
 17856 | Lair:6   | Noticed a fire dragon
 17882 | Lair:6   | Killed a fire dragon
 18782 | D:11     | Noticed Erica
 18802 | D:11     | Paralysed by a hornet for 3 turns
 18850 | D:11     | Killed Erica
 19347 | D:12     | Found a flagged portal.
 19348 | D:12     | Found a staircase to the Orcish Mines.
 19361 | D:12     | Reached skill level 5 in Spellcasting
 19361 | D:12     | Reached skill level 5 in Charms
 19361 | D:12     | Reached XP level 14. HP: 99/108 MP: 21/21
 19421 | Bailey   | Entered a bailey
 19426 | Bailey   | Noticed an orc warlord
 19519 | Bailey   | Found a runed translucent gate.
 19521 | Bailey   | Found a runed translucent gate.
 19524 | Bailey   | Found a runed translucent gate.
 19547 | Bailey   | Reached skill level 5 in Air Magic
 19818 | Bailey   | Killed an orc warlord
 19871 | D:12     | Identified the cursed ring of Henotheism {rElec rC+ rN+}
                  | (You acquired it on level 12 of the Dungeon)
 19950 | D:12     | Reached ****** piety under Ashenzari
 20646 | D:13     | Noticed Urug
 20651 | D:13     | Killed Urug
 20664 | D:13     | Noticed Azrael
 20728 | D:13     | Killed Azrael
 21392 | D:14     | Noticed Rupert
 21453 | D:14     | Killed Rupert
 21613 | D:14     | Found a gate to the Vaults.
 21987 | D:8      | Bought a +6 amulet of reflection for 877 gold pieces
 22297 | D:15     | Entered Level 15 of the Dungeon
 22710 | D:15     | Found a staircase to the Depths.
 22727 | D:15     | Reached XP level 15. HP: 113/113 MP: 19/22
 22733 | D:15     | Learned a level 4 spell: Summon Lightning Spire
 23155 | Orc:1    | Entered Level 1 of the Orcish Mines
 23405 | Orc:1    | Reached skill level 1 in Summonings
 23765 | Orc:2    | Entered Level 2 of the Orcish Mines
 23868 | Orc:2    | Found Raxeymuv's Antique Armour Emporium.
 24036 | Orc:2    | Bought a twisted leather armour for 161 gold pieces
 24036 | Orc:2    | Identified the cursed +0 leather armour of Untold Secrets
                  | {*Slow MR- Regen+ Int+10} (You bought it in a shop on level
                  | 2 of the Orcish Mines)
 24245 | Orc:2    | Noticed an orc warlord
 24611 | Orc:2    | Found Lulaxzac's Jewellery Emporium.
 24640 | Orc:1    | HP: 3/114 [orc high priest/divine providence (11)]
 24718 | Orc:1    | Killed an orc warlord
 24840 | Orc:2    | Found Gaasuoz's General Store.
 24849 | Orc:2    | Bought a scroll of remove curse for 45 gold pieces
 24849 | Orc:2    | Bought the +5 robe of Night {Dark MR+ SInv} for 900 gold
                  | pieces
 24849 | Orc:2    | Found the +5 robe of Night {Dark MR+ SInv}
 25097 | Orc:2    | Found a staircase to the Elven Halls.
 25195 | Orc:2    | Found Hurifeph's Antique Weapon Emporium.
 25611 | Snake:1  | Entered Level 1 of the Snake Pit
 25730 | Snake:1  | Found Nele's Jewellery Emporium.
 25730 | Snake:1  | Found Uclijuso's Jewellery Emporium.
 25731 | Snake:1  | Found Bufob's Gadget Shop.
 25811 | Snake:1  | Reached skill level 10 in Fighting
 26478 | Snake:1  | Noticed Kirke
 26483 | Snake:1  | Killed Kirke
 26550 | Snake:2  | Noticed a nagaraja
 26553 | Snake:2  | Killed a nagaraja
 26577 | Snake:2  | Learned a level 5 spell: Summon Mana Viper
 26584 | Snake:2  | Noticed Asterion
 26589 | Snake:2  | Killed Asterion
 26619 | Snake:2  | Found Iporikif's Gadget Boutique.
 26676 | Snake:2  | Found Weituh's Assorted Antiques.
 26682 | Snake:2  | Bought a scroll of teleportation for 84 gold pieces
 26682 | Snake:2  | Bought a worn brass wand for 112 gold pieces
 26686 | Snake:2  | Bought a brightly glowing dagger for 196 gold pieces
 26686 | Snake:2  | Identified the +2 dagger of the Shining Light {protect,
                  | *Slow +Rage rC+++ Int-4} (You bought it in a shop on level
                  | 2 of the Snake Pit)
 26690 | Snake:2  | Found Fomn's Book Emporium.
 26765 | Snake:2  | Noticed a nagaraja
 26874 | Snake:2  | Found a transporter.
 26877 | Snake:2  | Found a radiant altar of Vehumet.
 26888 | Snake:2  | Noticed a nagaraja
 26891 | Snake:2  | Reached XP level 16. HP: 125/125 MP: 28/28
 26919 | Snake:2  | Found a transporter.
 27050 | Snake:2  | Learned a level 2 spell: Blink
 27420 | Snake:2  | Found Qaxuvvic's Jewellery Emporium.
 27476 | Snake:2  | Found Paiwaup's Armour Boutique.
 27949 | Snake:3  | Reached skill level 5 in Throwing
 28623 | Snake:3  | Found a shimmering altar of Xom.
 29004 | Snake:4  | Entered Level 4 of the Snake Pit
 29064 | Snake:4  | Found a flickering gateway to a bazaar.
 29078 | Bazaar   | Entered a bazaar
 29093 | Bazaar   | Found Etsiyso's General Store.
 29099 | Bazaar   | Bought a potion of heal wounds for 40 gold pieces
 29099 | Bazaar   | Bought a scroll of vulnerability for 60 gold pieces
 29099 | Bazaar   | Bought a scroll of silence for 60 gold pieces
 29099 | Bazaar   | Found Qenweuck's Food Boutique.
 29106 | Bazaar   | Found Ixkoc's Weapon Emporium.
 29118 | Bazaar   | Found Tafresch's Weapon Shop.
 29372 | Snake:4  | Noticed Vashnia
 29558 | Snake:4  | Found Gudwauc's Goods Gallery.
 29843 | Snake:4  | Reached XP level 17. HP: 77/109 MP: 29/29
 29857 | Snake:4  | Killed Vashnia
 30209 | Snake:4  | Reached skill level 10 in Throwing
 30393 | Snake:4  | HP: 4/111 [naga sharpshooter/bolt (19)]
 30771 | Snake:4  | HP: 4/111 [nagaraja/+0 club (4)]
 31054 | Snake:4  | Reached skill level 5 in Dodging
 31155 | Snake:4  | Upgraded the game from 0.24.1 to 0.24.1-14-gf8d2b509d9
 31652 | Snake:4  | Identified the cursed +1 robe "Vuupoih" {rF+ Int+3} (You
                  | acquired it on level 4 of the Snake Pit)
 32046 | Snake:4  | Got a serpentine rune of Zot
 32390 | Snake:4  | Learned a level 5 spell: Borgnjor's Vile Clutch
 32523 | Snake:4  | Reached skill level 5 in Shields
 32523 | Snake:4  | Reached skill level 1 in Necromancy
 33664 | Shoals:1 | Entered Level 1 of the Shoals
 33767 | Shoals:1 | Identified the +3 arbalest of the Vine {freeze, MP+9 Int+2
                  | SInv}
 33794 | Shoals:1 | Found Syfileuc's Magic Scroll Emporium.
 33802 | Shoals:1 | Bought a scroll of blinking for 105 gold pieces
 33954 | Shoals:1 | Found Vuumpum's Antique Weapon Shoppe.
 34437 | Shoals:1 | Reached XP level 18. HP: 95/147 MP: 14/30
 34597 | Shoals:2 | Found Raehi's Armour Shoppe.
 34791 | Shoals:2 | Reached skill level 1 in Earth Magic
 35317 | Shoals:2 | Reached skill level 5 in Necromancy
 35591 | Shoals:2 | Reached skill level 15 in Fighting
 37199 | Shoals:4 | Entered Level 4 of the Shoals
 37585 | Shoals:4 | Identified the +1 leather armour of Mental Paralysis
                  | {Str+6}
 37725 | Shoals:4 | Reached skill level 5 in Evocations
 37746 | Shoals:4 | Got a barnacled rune of Zot
 38271 | Shoals:4 | Reached skill level 1 in Translocations
 39167 | Vaults:1 | Entered Level 1 of the Vaults
 39711 | Vaults:1 | Reached XP level 19. HP: 113/155 MP: 13/31
 39990 | Vaults:1 | Found Icischom's Distillery.
 39997 | Vaults:1 | Bought a potion of heal wounds for 70 gold pieces
 39997 | Vaults:1 | Bought a potion of curing for 42 gold pieces
 39997 | Vaults:1 | Bought a potion of curing for 42 gold pieces
 39997 | Vaults:1 | Bought a potion of heal wounds for 70 gold pieces
 39997 | Vaults:1 | Bought 3 potions of curing for 126 gold pieces
 39997 | Vaults:1 | Bought a potion of might for 56 gold pieces
 39997 | Vaults:1 | Bought a potion of ambrosia for 112 gold pieces
 40298 | Vaults:1 | Identified the cursed +1 scale mail "Cone" {rF+ Dex-2
                  | Slay+2}
 40786 | Vaults:2 | Noticed Jory
 40951 | Vaults:2 | Killed Jory
 41277 | Vaults:2 | Reached skill level 10 in Necromancy
 41365 | Vaults:2 | Reached skill level 10 in Shields
 41733 | Vaults:2 | Reached skill level 10 in Evocations
 42492 | Vaults:3 | Found Jut Zire's Food Shop.
 43652 | Vaults:3 | Reached XP level 20. HP: 105/162 MP: 19/32
 44613 | Vaults:3 | Found a staircase to the Crypt.
 45766 | Vaults:4 | Noticed Xtahua
 45778 | Vaults:4 | Killed Xtahua
 46976 | Elf:1    | Entered Level 1 of the Elven Halls
 47566 | Elf:1    | Reached XP level 21. HP: 142/168 MP: 27/33
 47639 | Elf:1    | Identified the ring "Neegh" {rPois Int+5}
 47706 | Elf:1    | Found Vophekey's Antique Armour Emporium.
 47719 | Elf:1    | Bought a shadowed robe for 159 gold pieces
 47719 | Elf:1    | Identified the +1 robe of Spite {Int+3} (You bought it in a
                  | shop on level 1 of the Elven Halls)
 47719 | Elf:1    | Bought a warped ring mail for 252 gold pieces
 47719 | Elf:1    | Identified the +5 ring mail "Vole Reg" {rF- rCorr Stlth+}
                  | (You bought it in a shop on level 1 of the Elven Halls)
 47719 | Elf:1    | Bought a steaming scale mail for 252 gold pieces
 47719 | Elf:1    | Identified the +1 scale mail of Resonance {rCorr} (You
                  | bought it in a shop on level 1 of the Elven Halls)
 48071 | Elf:1    | Identified the Grimoire of Supportive Attacks
 48084 | Elf:1    | Learned a level 6 spell: Death Channel
 48181 | Elf:2    | Reached skill level 15 in Shields
 48620 | Elf:2    | Found a runed translucent gate.
 48620 | Elf:2    | Found a runed translucent gate.
 48620 | Elf:2    | Found a runed translucent gate.
 48934 | Elf:2    | Learned a level 3 spell: Regeneration
 49132 | Elf:3    | Entered Level 3 of the Elven Halls
 49421 | Elf:3    | Found a bloodstained altar of Trog.
 49514 | Elf:3    | Found Zedymag's Jewellery Emporium.
 50253 | Elf:3    | Identified the cursed +0 falchion of the Hummingbird {elec,
                  | rPois rC- Int+2}
 50692 | Elf:3    | Identified the ring "Joung" {rCorr Str+5}
 50728 | Elf:3    | Identified Veukacye's Incunabulum of the Entrancing Glacier
 50781 | Elf:3    | Identified the amulet "Muehoage" {+Rage rElec rPois Str-2
                  | Int-5}
 51123 | Depths:1 | Entered Level 1 of the Depths
 51124 | Depths:1 | Reached XP level 22. HP: 175/175 MP: 35/35
 51138 | Depths:1 | Found a gateway to Hell.
 51601 | Depths:1 | Identified the cursed +3 glaive "Uqageff" {elec, rC+ MR+}
 52743 | Depths:1 | Identified the Collected Works on Burning Enchantment
 53478 | Depths:2 | Found a one-way gate to the infinite horrors of the Abyss.
 53504 | Depths:2 | Noticed Mara
 53520 | Depths:2 | Noticed Maplein's illusion
 53545 | Depths:2 | Noticed Maplein's illusion
 53864 | Depths:2 | Noticed Maplein's illusion
 53875 | Depths:2 | Killed Mara
 54438 | Depths:2 | Noticed Sojobo
 54520 | Depths:2 | Identified the +4 longbow of Wrongful Imprisonment {venom,
                  | rPois}
 54759 | Depths:2 | Reached XP level 23. HP: 103/181 MP: 25/36
 54907 | Depths:2 | Killed Sojobo
 55250 | Depths:2 | Found a gateway to a ziggurat.
 55507 | Depths:3 | Found a one-way gate leading to the halls of Pandemonium.
 55988 | Depths:3 | Learned a level 3 spell: Spectral Weapon
 57174 | Depths:4 | Identified the cursed +0 rapier "Wimnod" {pierce, *Corrode
                  | Str+4 Int+4 Dex+2}
 57557 | Depths:4 | Found the +2 hat of the Bear Spirit {Spirit, +Rage rN+
                  | MR++}
 59567 | Depths:4 | Reached skill level 5 in Armour
 59634 | Depths:5 | Entered Level 5 of the Depths
 59672 | Depths:5 | Noticed a caustic shrike
 59679 | Depths:5 | Noticed a caustic shrike
 59764 | Depths:5 | Reached XP level 24. HP: 103/188 MP: 6/36
 59963 | Depths:5 | Found a gate to the Realm of Zot.
 60674 | Shoals:1 | Bought a scroll of brand weapon for 280 gold pieces
 61385 | Depths:5 | Reached skill level 10 in Charms
 61640 | Depths:5 | Reached skill level 10 in Armour
 62168 | Slime:1  | Entered Level 1 of the Pits of Slime
 63292 | Slime:5  | Entered Level 5 of the Pits of Slime
 64171 | Slime:5  | Reached skill level 15 in Charms
 64311 | Slime:5  | Noticed the Royal Jelly
 64345 | Slime:5  | Found a viscous altar of Jiyva.
 64346 | Slime:5  | Identified the cursed +2 rapier of Popular Demand {freeze,
                  | rElec rPois Int+4}
 64470 | Slime:5  | Identified the +2 plate armour "Deho Mass" {+Inv rN++}
 64472 | Slime:5  | Identified the +3 spear of Fute {freeze, *Slow +Inv rF+
                  | rN+}
 64475 | Slime:5  | Identified the +6 spear of the Poles {speed, MP+9 Int+2
                  | Dex+4 Stlth+}
 64532 | Slime:5  | Killed the Royal Jelly
 64532 | Slime:5  | Reached XP level 25. HP: 188/194 MP: 33/36
 64613 | Slime:5  | Got a slimy rune of Zot
 64701 | Slime:5  | Learned a level 1 spell: Summon Butterflies
 65192 | Crypt:1  | Entered Level 1 of the Crypt
 65833 | Crypt:1  | Reached skill level 15 in Hexes
 66013 | Crypt:2  | Noticed Saint Roka
 66198 | Crypt:2  | Killed Saint Roka
 66427 | Crypt:2  | Identified the cursed +0 pair of boots of the First Orbs
                  | {rF+ Dex+4}
 67023 | Crypt:3  | Entered Level 3 of the Crypt
 67383 | Crypt:3  | Found a staircase to the Tomb.
 67836 | Crypt:3  | Found a basalt altar of Yredelemnul.
 67837 | Crypt:3  | Noticed an ancient lich
 67860 | Crypt:3  | Killed an ancient lich
 68088 | Crypt:3  | Noticed Margery
 68157 | Crypt:3  | Killed Margery
 68727 | Vaults:5 | Entered Level 5 of the Vaults
 68729 | Vaults:5 | they see invis....
 68750 | Vaults:4 | Reached skill level 10 in Dodging
 69020 | Vaults:5 | Noticed an ancient lich
 69060 | Vaults:5 | Reached skill level 10 in Spellcasting
 69060 | Vaults:5 | Reached XP level 26. HP: 163/201 MP: 15/37
 69062 | Vaults:5 | Identified the +2 hand axe of the Rat {chop, Str+3 Dex+5}
 69145 | Vaults:5 | Identified the cursed +0 pair of gloves of Kicvau {+Fly
                  | rPois Str+8 Dex-5}
 69145 | Vaults:5 | Identified the +5 dagger "Jaerchoc" {drain, MP+9 Int+4}
 69492 | Vaults:5 | Found the +7 sceptre of Torment {pain, torment}
 69798 | Vaults:5 | Killed an ancient lich
 69982 | Vaults:5 | Identified the +8 broad axe of Fouloh {flame, rElec}
 69983 | Vaults:5 | Identified the ring of Yzxeu {Wiz +Blink rPois MR+ Stlth+}
 70148 | Vaults:5 | Learned a level 8 spell: Discord
 70200 | Vaults:5 | Identified The Lost Secrets of Wizardry
 70341 | Vaults:5 | Identified the +7 hand crossbow "Raxodghuq" {penet, +Inv
                  | rPois MR+ Int-5}
 70593 | Vaults:5 | Identified the ring "Veebonuz" {rElec rC+ MR+ Int+2}
 70792 | Vaults:5 | Got a silver rune of Zot
 71858 | Zot:1    | Entered Level 1 of the Realm of Zot
 72750 | Zot:1    | Reached XP level 27. HP: 213/213 MP: 41/41
 73230 | Zot:2    | Identified the +3 scimitar of Destiny {slice, MP-9 Dex+5
                  | SInv}
 74029 | Zot:3    | Reached skill level 15 in Dodging
 74679 | Zot:4    | Noticed an orb of fire
 74693 | Zot:4    | Learned a level 2 spell: Passwall
 74695 | Zot:4    | its habbening
 74699 | Zot:4    | Killed an orb of fire
 74700 | Zot:4    | stabbed an oof
 75291 | Zot:5    | Entered Level 5 of the Realm of Zot
 75576 | Zot:5    | fug haha
 75598 | Zot:5    | this is awful, going to have to -blink- inside
 75673 | Zot:5    | Reached skill level 15 in Spellcasting
 75730 | Zot:5    | Noticed an ancient lich
 75765 | Zot:5    | Killed an ancient lich
 76484 | Zot:5    | this is it boys
 76522 | Zot:5    | Noticed an orb of fire
 76524 | Zot:5    | ???? did it not see me
 76525 | Zot:5    | Noticed an orb of fire
 76573 | Zot:5    | Killed an orb of fire
 76574 | Zot:5    | Noticed an orb of fire
 76617 | Zot:5    | Killed an orb of fire
 76623 | Zot:5    | Noticed an ancient lich
 76640 | Zot:5    | Killed an ancient lich
 76679 | Zot:5    | Killed an orb of fire
 76680 | Zot:5    | Noticed an orb of fire
 76704 | Zot:5    | Gained mutation: You are weak. (Str -2) [an orb of fire]
 76723 | Zot:5    | Killed an orb of fire
 76735 | Zot:5    | Noticed an ancient lich
 76747 | Zot:5    | Killed an ancient lich
 76805 | Zot:5    | Noticed an ancient lich
 76837 | Zot:5    | Killed an ancient lich
 76838 | Zot:5    | Noticed an ancient lich
 76862 | Zot:5    | Killed an ancient lich
 76904 | Zot:5    | Noticed an ancient lich
 76961 | Zot:5    | Killed an ancient lich
 76983 | Zot:5    | Noticed an orb of fire
 76997 | Zot:5    | Gained mutation: You are frail. (-10% HP) [an orb of fire]
 77018 | Zot:5    | Killed an orb of fire
 77739 | Zot:5    | Noticed an ancient lich
 77756 | Zot:5    | Killed an ancient lich
 78524 | Zot:5    | Got the Orb of Zot
 78591 | Zot:3    | Noticed Wurat the pandemonium lord
 78909 | D:5      | Noticed a seraph
 79018 | D:1      | robe win
 79019 | D:$      | Escaped with the Orb!

Levels and vault maps discovered:
D:1:      matt_arrival_los_fun, layout_rooms, st_stairs_7
D:2:      layout_basic, first_ration
D:3:      minmay_chambers_of_threes, layout_basic,
          chequers_temple_overflow_statue_of_worship, uniq_ijyb
D:4:      layout_rooms, grunt_temple_overflow_forces_of_nature,
          nicolae_overflow_hidden_temple, uniq_edmund
D:5:      layout_loops_cross, minmay_misc_feat_secret_circle,
          grunt_ministairs_6, vehumet_altar_wand_db
D:6:      layout_layer_cave, serial_shops, shop, kennysheep_generic_room_13
D:7:      layout_gridville, nicolae_overflow_crystal_walls, temple_green
D:8:      layout_basic, cheibriados_altar_1, serial_shops, shop
D:9:      layout_cave_pools, grunt_temple_overflow_holy_war,
          overflow_temple_1_default, the_bakery
D:10:     layout_loops_ring, erik_lair_dragon, serial_shops,
          nicolae_shop_behind_doors, centaur_isle
D:11:     layout_long_grid, uniq_erica
D:12:     layout_gridville, orc_0_dummy, enter_bailey_2
D:13:     layout_roguey, uniq_urug, uniq_azrael
D:14:     layout_gridville, david_vaults_4, minivault_27, uniq_rupert
D:15:     hangedman_depths_entry_try_elsewhere_first, layout_gridville,
          hangedman_decor_opposing, minmay_misc_feat_nine_boxes,
          chequers_serial_rivers_marsh
Lair:1:   layout_misc_corridors, nicolae_volcano_entry_batcave
Lair:2:   layout_regular_city, bobbens_dragon_lair_wall, lemuel_fruit_fields
Lair:3:   layout_regular_city, shoals_dummy_entry,
          minmay_snake_entry_guardpost_medium, serial_rivers,
          chequers_serial_rivers_room_a, chequers_serial_rivers_large_b,
          chequers_serial_rivers_micro_d, chequers_serial_rivers_room_a,
          chequers_serial_rivers_marsh, chequers_serial_rivers_small_b
Lair:4:   layout_regular_city, infiniplex_staircase_pool
Lair:5:   layout_loops_ring, slime_altar_1, minmay_holes, ldierk_geyser,
          wad_woods_road_03, wad_woods_antlair
Lair:6:   wormcave, layout_gridlike, guppyfry_lair_end_dragon
Shoals:1: layout_shoals, serial_shops, shop, shop_scrolls, ldierk_geyser
Shoals:2: layout_shoals, serial_shops, nicolae_shop_behind_doors,
          st_sunken_temple
Shoals:3: layout_shoals, nicolae_shoals_water_elemental_grotto
Shoals:4: shoals_end_grunt_ice, layout_shoals, nicolae_shoals_cliffside_cave
Snake:1:  layout_onion, nrook_guardian_serpent_ordinary, minmay_shop_grove,
          lemuel_fruit_tree, uniq_kirke
Snake:2:  gammafunk_sealed_library, layout_basic, serial_shops, shop_fountains,
          shop, shop, shop_fountains, nicolae_shop_crystal, uniq_asterion
Snake:3:  layout_onion, basic_altar
Snake:4:  grunt_snake_rune_spirals, layout_onion, serial_shops, bzr_entry_road,
          st_stairs_9, nicolae_alphabet_shops, hangedman_snake_thin_pillar_pass,
          drop_trap, uniq_vashnia
Slime:1:  layout_caves, cheibrodos_slime_lost_civilization_4
Slime:2:  layout_caves
Slime:3:  layout_caves
Slime:4:  cheibrodos_slime_lost_civilization_1, layout_caves
Slime:5
Orc:1:    cheibrodos_orc_bank, layout_diamond_mine
Orc:2:    grunt_orc_gardens, layout_diamond_mine, grunt_orc_garden,
          grunt_orc_garden, grunt_orc_garden, grunt_orc_garden
Elf:1:    elf_arrival_001, layout_geoelf_grid, serial_shops, shop,
          minmay_elf_sorcery, drop_trap
Elf:2:    layout_geoelf_diagonals
Elf:3:    minmay_elf_hall, layout_geoelf_grid, serial_shops,
          nicolae_shop_behind_doors, evilmike_spriggan_trog_shrine
Vaults:1: vaults_room_hallway, vaults_mumra_chevron_long,
          ontoclasm_vaults_pinch, hangedman_vaults_slice, v_alt_pattern_6,
          ontoclasm_vaults_chip, vaults_room_corners,
          nicolae_vaults_yaktaur_gun_rack, nicolae_vaults_gold_heap,
          vaults_room_pools, nicolae_vaults_know_your_exits,
          ontoclasm_vaults_eye, nicolae_vaults_little_squares_1,
          ontoclasm_vaults_shuriken, vaults_dpeg_diagonal,
          nicolae_vaults_rhombus_6, layout_vaults_maze_snakey, serial_shops,
          nicolae_shop_competitors_out_of_business
Vaults:2: hangedman_vaults_snaps, v_alt_pattern_2, vaults_room_pool, v_misc_15,
          v_misc_2, vaults_standard_mumra_lines, st_cross,
          nicolae_vaults_shelves_hall, v_alt_pattern_6, v_misc_22,
          ontoclasm_vaults_loading_screen, nicolae_vaults_shelves_hall,
          layout_vaults_omnicross, uniq_jory
Vaults:3: minmay_crypt_entry_simple_box, nicolae_vaults_branching_niches,
          v_rooms_2, nicolae_vaults_big_angled_halls, hangedman_vaults_stagger,
          ontoclasm_vaults_ligature, nicolae_vaults_ring_of_whatevers,
          nicolae_vaults_little_squares_4, grunt_vaults_hallway_short,
          layout_vaults_chaotic_city, serial_shops, nicolae_shop_trees
Vaults:4: v_misc_4, vaults_mumra_chevron, nicolae_vaults_little_squares_6,
          v_misc_33, hangedman_vaults_river_flow, v_pattern_2,
          vaults_room_large_hall, nicolae_vaults_holding_cells,
          vaults_room_grunt_arrival_checkpoint, ontoclasm_vaults_gateway,
          vaults_standard_mumra_x, layout_vaults_quadrants, uniq_xtahua
Vaults:5: serial_shops
Crypt:1:  layout_chaotic_city
Crypt:2:  layout_chaotic_city, uniq_saint_roka
Crypt:3:  cryptofortress_bobbens, uniq_margery
Depths:1: minmay_the_grid_octo_tiled_octocenter_mashed
          [minmay_the_grid_octo_odd_swirl, minmay_the_grid_octo_focus,
          minmay_the_grid_octo_clover, minmay_the_grid_octo_chip,
          minmay_the_grid_octo_prize_big_c, minmay_the_grid_square_5x5_n,
          minmay_the_grid_square_5x5_percent,
          minmay_the_grid_square_5x5_fancy_junction,
          minmay_the_grid_square_5x5_fat_x], layout_honeycomb,
          pf_vacation_house_of_asmodeus, lemuel_flamethrower_3
Depths:2: cheibrodos_tormentor_scu, layout_cross, enter_ziggurat_b,
          minmay_misc_feat_square, abyss_entry_crystal, grunt_metal_band,
          uniq_sojobo, uniq_mara
Depths:3: kennysheep_spiral_hall, layout_gridlike, rand_demon_pan_entry_4,
          serial_curves, eino_curves_03, eino_curves_04, eino_curves_01,
          eino_curves_04, hell_entry, serial_bayou_shore_b
Depths:4: kennysheep_bubble_arena, layout_gridlike, minmay_room_of_horrors,
          kennysheep_another_room, hell_entry, minmay_starry_boxes,
          infiniplex_staircase_split_hallway
Depths:5: evilmike_zot_entry_diamond, layout_cave_pools,
          hangedman_decor_peaks_small, hell_entry, st_stairs_8
Zot:1:    kennysheep_bubbly, layout_misc_corridors, st_stairs_14
Zot:2:    layout_misc_corridors, lemuel_baited_zot_trap
Zot:3:    layout_gridlike
Zot:4:    layout_onion
Zot:5:    layout_onion

Skill      XL: |  1  2  3  4  5  6  7  8  9 10 11 12 13 14 15 16 17 18 19 20 21 22 23 24 25 26 27 |
---------------+----------------------------------------------------------------------------------+-----
Fighting       | 2 3 4 6 7 8 9 11 13 14 15 16 19 | 19.7
Stealth        | 6 7 8 9 10 12 16 18 20 22 23 | 23.8
Short Blades   | 3 4 5 6 7 9 |  9.7
Hexes          | 2 3 5 10 12 21 | 21.2
Evocations     | 1 2 7 11 13 | 13.3
Spellcasting   | 1 3 5 8 9 10 14 17 | 17.4
Armour         | 1 5 12 | 12.0
Charms         | 5 9 16 17 | 17.1
Air Magic      | 4 9 |  9.7
Shields        | 3 6 9 11 14 17 20 22 | 22.9
Summonings     | 1 |  1.3
Throwing       | 9 10 | 10.8
Dodging        | 5 11 16 | 16.1
Necromancy     | 4 8 11 12 | 12.3
Earth Magic    | 1 |  1.8
Translocations | 1 |  1.3

Action                   |  1- 3 |  4- 6 |  7- 9 | 10-12 | 13-15 | 16-18 | 19-21 | 22-24 | 25-27 || total
-------------------------+-------+-------+-------+-------+-------+-------+-------+-------+-------++-------
Melee: Dagger            |    65 |   230 |   840 |    60 |       |       |       |       |       ||  1195
       Bite              |     6 |    35 |    96 |    63 |   219 |   301 |   307 |   619 |   772 ||  2418
       Quick blade       |       |       |       |   494 |  1420 |  1796 |  1768 |  2643 |  3531 || 11652
Throw: Dart              |    11 |    22 |    84 |    42 |    13 |    42 |       |       |       ||   214
       Throwing net      |       |     1 |       |     1 |       |       |       |       |       ||     2
       Stone             |       |       |    37 |       |       |       |       |       |       ||    37
       Boomerang         |       |       |       |       |       |     2 |     5 |    19 |    52 ||    78
 Cast: Slow              |       |       |     4 |       |     1 |       |       |       |       ||     5
       Confuse           |       |       |       |    30 |   136 |    95 |     2 |       |       ||   263
       Tukima's Dance    |       |       |       |     4 |     3 |    54 |    15 |    19 |     3 ||    98
       Deflect Missiles  |       |       |       |       |     3 |    11 |     3 |     9 |     5 ||    31
       Cause Fear        |       |       |       |       |     3 |       |       |       |       ||     3
       Summon Lightning  |       |       |       |       |       |    51 |    19 |    13 |     9 ||    92
       Summon Mana Viper |       |       |       |       |       |    13 |     8 |     7 |     6 ||    34
       Blink             |       |       |       |       |       |     3 |     1 |     1 |       ||     5
       Borgnjor's Vile C |       |       |       |       |       |    44 |   130 |   142 |   104 ||   420
       Regeneration      |       |       |       |       |       |       |     7 |    39 |    18 ||    64
       Death Channel     |       |       |       |       |       |       |     3 |     2 |     4 ||     9
       Spectral Weapon   |       |       |       |       |       |       |       |    30 |    45 ||    75
       Discord           |       |       |       |       |       |       |       |       |     8 ||     8
       Passwall          |       |       |       |       |       |       |       |       |     4 ||     4
Invok: Curse Item        |       |       |     2 |     3 |     3 |       |       |     2 |     1 ||    11
 Abil: Exsanguinate      |       |       |       |     3 |       |     1 |       |       |       ||     4
       Revivify          |       |       |       |     3 |       |     1 |       |       |       ||     4
       End Transformatio |       |       |       |     2 |       |       |       |       |       ||     2
       Bat Form          |       |       |       |     2 |       |       |       |       |       ||     2
Evoke: Wand              |       |       |    13 |     8 |     1 |    14 |     4 |     5 |     7 ||    52
       Lamp of fire      |       |       |       |     1 |       |     3 |     2 |     4 |       ||    10
       Phial of floods   |       |       |       |       |       |       |     2 |     4 |       ||     6
       Sack of spiders   |       |       |       |       |       |       |       |     4 |       ||     4
       Box of beasts     |       |       |       |       |       |       |       |     2 |     1 ||     3
  Use: Scroll            |       |     5 |     9 |    11 |    14 |     5 |     1 |     5 |    13 ||    63
       Potion            |       |       |     4 |     6 |     2 |     5 |     1 |     5 |    11 ||    34
 Stab: Sleeping          |    14 |     7 |    16 |    54 |   108 |    89 |   109 |    84 |    99 ||   580
       Distracted        |       |     1 |     2 |     2 |     5 |    23 |    28 |    47 |    77 ||   185
       Held in net/web   |       |       |       |     1 |       |       |       |       |       ||     1
       Confused          |       |       |       |    19 |    73 |    47 |       |       |       ||   139
       Paralysed         |       |       |       |       |     1 |       |       |       |       ||     1
       Invisible         |       |       |       |       |     5 |    21 |       |       |     2 ||    28
Armor: Robe              |     5 |    49 |   199 |    39 |    12 |   123 |    96 |   159 |    88 ||   770
       Acid dragon scale |       |       |       |    67 |   172 |       |       |       |       ||   239
       Steam dragon scal |       |       |       |     9 |       |       |       |       |       ||     9
Dodge: Dodged            |    25 |   100 |   365 |   155 |   312 |   546 |   362 |   475 |   461 ||  2801
       Deflected         |       |       |       |       |     6 |    60 |    35 |    37 |    42 ||   180
Block: Buckler           |       |       |       |       |   214 |   605 |   545 |   500 |       ||  1864
       Reflection        |       |       |       |       |    10 |   108 |    76 |    35 |    20 ||   249
       Large shield      |       |       |       |       |       |       |       |   664 |  1749 ||  2413
